 Dungeon Crawl Stone Soup version 0.22-a0-458-gb446440 (webtiles) character file.

57 Galder the Magician (level 3, -2/28 HPs)
             Began as a Deep Elf Wizard on June 8, 2018.
             Slain by Sigmund
             ... wielding a +0 scythe
              (4 damage)
             ... on level 2 of the Dungeon.
             The game lasted 00:13:48 (2003 turns).

Galder the Magician (Deep Elf Wizard)               Turns: 2003, Time: 00:13:49

Health: -2/28      AC: 21    Str:  2 (5)  XL:     3   Next: 73%
Magic:  3/11       EV:  2    Int: 19 (22) God:
Gold:   71         SH:  3    Dex: 12 (13) Spells: 9/12 levels left

rFire    . . .     SeeInvis .   r - +0 short sword
rCold    . . .     Gourm    .   o - +0 buckler
rNeg     + + +     Faith    .   (armour currently unavailable)
rPois    +         Spirit   .   (helmet currently unavailable)
rElec    .         Reflect  .   (cloak currently unavailable)
rCorr    .         Harm     .   (gloves currently unavailable)
MR       .....     NoTele   +   (boots currently unavailable)
Stlth    ++........             (no amulet)
HPRegen  0.09/turn              (no ring)
MPRegen  0.12/turn              (no ring)

@: tree-form, very slightly contaminated
A: no striking features
a: no special abilities


You were on level 2 of the Dungeon.
You were not hungry.
You were a tree.
You visited 1 branch of the dungeon, and saw 3 of its levels.

You collected 71 gold pieces.

Inventory:

Hand Weapons
 p - a +0 dagger
 r - a +0 short sword (weapon)
Missiles
 i - 67 stones (quivered)
Armour
 a - a +0 robe
 b - a +0 hat (melded)
 k - a +0 pair of gloves (melded)
 n - a +0 robe (melded)
 o - a +0 buckler (worn)
Scrolls
 g - 4 scrolls of identify {unknown}
 j - a scroll of teleportation {unknown}
 l - a scroll of noise {unknown}
 m - 2 scrolls of remove curse {unknown}
 s - a scroll of amnesia {unknown}
Potions
 c - a potion of curing
 h - a potion of degeneration
Comestibles
 d - 5 rations
 f - 2 chunks of flesh


   Skills:
 + Level 3.1 Dodging
 + Level 3.0 Stealth
 + Level 0.5 Shields
 + Level 5.3 Spellcasting
 + Level 1.8 Conjurations
   Level 1.1 Summonings
 - Level 1.1 Translocations


You had 9 spell levels left.
You knew the following spells:

 Your Spells              Type           Power        Failure   Level  Hunger
a - Magic Dart            Conj           ##..         9%          1    None
b - Blink                 Tloc           N/A          19%         2    None

Your spell library contained the following spells:

 Spells                   Type           Power        Failure   Level  Hunger
 Conjure Flame            Conj/Fire      #.......     36%         3    ##.....
 Slow                     Hex            #.......     28%         2    None
 Mephitic Cloud           Conj/Pois/Air  #.......     41%         3    ##.....
 Call Imp                 Summ           #.......     19%         2    None


Dungeon Overview and Level Annotations

Branches:
Dungeon (3/15)

Altars:

Annotations:
D:2 Sigmund
D:3 Terence


Message History

You closely miss the giant cockroach.
The giant cockroach is severely wounded.
The giant cockroach bites you but does no damage.
Something hits you but does no damage.
You cannot move.
Casting: Magic Dart (safe; 9% risk of failure)
Confirm with . or Enter, or press ? or * to list all spells.
You cannot blink because you are held in place by your roots.
You barely miss the giant cockroach.
The giant cockroach is severely wounded.
The giant cockroach bites you but does no damage.
Something hits you but does no damage.
The giant cockroach completely misses you.
Your shield prevents you from hitting the giant cockroach.
The giant cockroach is severely wounded.
The giant cockroach bites you but does no damage.
You hit the giant cockroach.
You kill the giant cockroach!
Something hits you.
You die...

(..##############
#.gg{.♣.g......#
###.######.##.##.
....)...##.##.##.
#.........g.g.g.#
...###.##.##.##.#
. .# #.##.# # ..
.# #.##.. #.##.#
#g##### #. #.#..
#.#


You could see 3 goblins.

Vanquished Creatures
  An adder (D:2)
  2 worms (D:2)
  3 giant cockroaches
  4 goblins (D:1)
  6 hobgoblins (D:1)
  4 jackals
  7 kobolds
  A ball python (D:1)
  6 bats
  A frilled lizard (D:2)
  8 rats
43 creatures vanquished.

Notes
Turn   | Place    | Note
-------+----------+-------------------------------------------
     0 | D:1      | Galder the Deep Elf Wizard began the quest for the Orb.
     0 | D:1      | Reached XP level 1. HP: 10/10 MP: 7/7
   120 | D:2      | Noticed Terence
   291 | D:1      | Reached skill level 5 in Spellcasting
   294 | D:1      | Reached XP level 2. HP: 15/15 MP: 5/10
   345 | D:1      | Learned a level 2 spell: Blink
  1219 | D:1      | Reached XP level 3. HP: 19/19 MP: 6/11
  1898 | D:2      | Noticed Sigmund
  1994 | D:2      | HP: 1/28 [poisoned by an adder]
  2003 | D:2      | Slain by Sigmund

Vault maps used:
D:1:      dpeg_arrival_simpleton_c
D:2:      first_ration, uniq_sigmund, uniq_terence
D:3:      lemuel_doored_altar, kennysheep_slug_shrine, st_stairs_1,
          grunt_ministairs_1, minmay_misc_feat_roman, minivault_27,
          kennysheep_crisscross

Skill      XL: |  1  2  3 |
---------------+----------+-----
Spellcasting   | 5 |  5.3
Dodging        | 3 |  3.1
Stealth        | 3 |  3.0
Shields        | |  0.5
Conjurations   | |  1.8
Summonings     | |  1.1
Translocations | |  1.1

Action                   || total
-------------------------++-------
Melee: Short sword       ||    18
 Cast: Magic Dart        ||   113
       Blink             ||     2
  Use: Potion            ||     4
  Eat: Chunk             ||     3
Armor: Robe              ||    15
       Skin              ||    24
Dodge: Dodged            ||    48
Block: Buckler           ||     5

Table legend:
 A = Spawn XP
 B = Non-spawn XP
 C = Spawn XP percentage of total XP
 D = Spawn monster count
 E = Non-spawn monster count
 F = Spawn count percentage of total count
 G = Total turns spent on level
                    A         B        C        D         E        F      G
               +---------+---------+-------+---------+---------+-------+---------
         Total |       0 |      82 |   0.0 |       0 |      43 |   0.0 |  2003
               +---------+---------+-------+---------+---------+-------+---------
           D:1 |       0 |      43 |   0.0 |       0 |      28 |   0.0 |  1445
           D:2 |       0 |      39 |   0.0 |       0 |      15 |   0.0 |   528
               +---------+---------+-------+---------+---------+-------+---------
